 Dungeon Crawl Stone Soup version 0.29.0-4-gdea44cf6ec (webtiles) character file.

Game seed: 5938859742132321950

688 qw the Chopper (level 7, -4/43 HPs)
             Began as a Gargoyle Fighter on Sept 6, 2022.
             Slain by a gnoll
             ... wielding a +0 scythe
              (9 damage)
             ... on level 4 of the Dungeon.
             The game lasted 00:01:22 (3650 turns).

qw the Chopper (Gargoyle Fighter)                   Turns: 3650, Time: 00:01:23

Health: -4/43      AC: 11    Str: 21    XL:     7   Next: 63%
Magic:  7/7        EV:  8    Int:  9    God:
Gold:   28         SH:  8    Dex:  9    Spells: 6/6 levels left

rFire   . . .      SeeInvis .   Y - +0 war axe
rCold   . . .      Faith    .   h - +0 kite shield
rNeg    + + .      Spirit   .   b - +0 scale mail
rPois   inf        Reflect  .   (no helmet)
rElec   +          Harm     .   (no cloak)
rCorr   .          Rampage  .   (no gloves)
Will    .....                   (no boots)
Stlth   ..........              (no amulet)
HPRegen 0.14/turn               c - ring of positive energy
MPRegen 0.10/turn               (no ring)

@: no status effects
A: sickness immunity, AC +4, negative energy resistance 1, electricity
resistance, torment resistance 1, petrification resistance
a: no special abilities


You were on level 4 of the Dungeon.
You visited 1 branch of the dungeon, and saw 4 of its levels.

You collected 123 gold pieces.
You spent 95 gold pieces at shops.


Innate Abilities, Weirdness & Mutations

You are immune to sickness and miasma.
Your stone body is resilient. (AC +4)
You are immune to poison.
You resist negative energy. (rN+)
You are resistant to electric shocks. (rElec)
You are resistant to unholy torment.
You are immune to petrification.


   Skills:
 - Level 4.0 Fighting
 + Level 5.7 Axes
 - Level 1.0 Throwing
 - Level 3.2 Armour
 - Level 1.4 Dodging
 - Level 5.6 Shields


You had 6 spell levels left.
You didn't know any spells.
Your spell library was empty.

Inventory:

Hand Weapons
 o - a +0 whip
 Y - a +0 war axe (weapon)
Missiles
 m - 4 silver javelins (quivered)
Armour
 b - a +0 scale mail (worn)
 h - a +0 kite shield (worn)
Jewellery
 c - a ring of positive energy (left hand)
 j - a ring of fire
 p - a ring of positive energy
Scrolls
 a - 4 scrolls of identify
 e - a scroll of enchant armour
 l - 2 scrolls of fog
Potions
 d - a potion of might
 f - a potion of heal wounds
 g - a potion of curing
 i - a potion of mutation {unknown}
 k - a potion of cancellation {unknown}
 n - a potion of brilliance {unknown}

Dungeon Overview and Level Annotations

Branches:
Dungeon (4/15)
 Temple: D:4-7

Altars:
Elyvilon

Shops:
D:4 *

Annotations:
D:2 1 runed translucent door, Crazy Yiuf


Message History

3464 ||| BUYING scroll of identify (20 gold).
a - 3 scrolls of identify (gained 1) Thank you for shopping at Giumeh's General Store!
You can access your shopping list by pressing '$'.
m - 4 silver javelins (gained 2)
Found a trident.
Found 9 stones.
Enter note: You see here 9 stones.
p - a ring of positive energy
Enter note:
Enter note:
a - 4 scrolls of identify (gained 1)
You now have 28 gold pieces (gained 13).
There is a stone staircase leading down here.
There is an escape hatch in the ceiling here.
You open the door. 2 gnolls come into view.
The gnoll shouts!
You hear a shout! x2
A gnoll comes into view. It is wielding a +0 scythe.
The gnoll barely misses you.
A gnoll comes into view. It is wielding a +0 scythe.
You barely miss the gnoll. You block the gnoll's attack.
The gnoll barely misses you. The gnoll hits you with a +0 scythe.
The gnoll hits you but does no damage.
The gnoll hits you from afar with a +0 scythe.
You barely miss the gnoll.
The gnoll hits you from afar with a +0 scythe!
You block the gnoll's attack. The gnoll closely misses you.
You slash the gnoll!
The gnoll is almost dead.
The gnoll barely misses you. You block the gnoll's attack. x2
You hit the gnoll.
You kill the gnoll!
You block the gnoll's attack. x2; The gnoll hits you but does no damage.
The gnoll hits you from afar with a +0 scythe!
The gnoll hits you with a +0 scythe.
The gnoll hits you from afar with a +0 scythe!
The gnoll hits you with a +0 scythe!
You die...

..........>........##.#.##
..#.................### #
..#.............##..#
.##...........####..##
###.........#..###...#
..........#.#..#...###
.#........#.#####..##
###.......#.##.g#...##
.............#gg@)...#
..).......#.##..#....##
..)...<...#######.#...##
..)..........###.......#
..............##.......#
...###.<............#..#
.####.......##..#...####
..####>........##...#
...###..........##.##


You could see 3 gnolls.

Vanquished Creatures
  Grinder (D:3)
  A phantom (D:4)
  A necrophage (D:4)
  2 scorpions (D:4)
  A jelly (D:4)
  2 orc wizards (D:4)
  4 gnolls (D:4)
  3 adders
  An ufetubus (D:4)
  A worm (D:2)
  3 dart slugs
  2 orcs
  11 ball pythons
  4 bats
  3 endoplasms
  3 giant cockroaches
  6 goblins
  6 hobgoblins
  4 jackals (D:1)
  2 quokkas (D:4)
  2 frilled lizards (D:1)
  9 rats
72 creatures vanquished.

Notes
Turn   | Place    | Note
-------+----------+-------------------------------------------
     0 | D:1      | qw the Gargoyle Fighter began the quest for the Orb.
     0 | D:1      | Reached XP level 1. HP: 14/14 MP: 1/1
     0 | D:1      | 0 ||| qw: Version: 0.1-a-108-g9e35731
     0 | D:1      | 0 ||| qw: Game counter: 6360
     0 | D:1      | 0 ||| qw: Always use a shield: true
     0 | D:1      | 0 ||| qw: God list: Okawaru
     0 | D:1      | 0 ||| qw: Allow faded altars: false
     0 | D:1      | 0 ||| qw: Do Orc after D:15 true
     0 | D:1      | 0 ||| qw: Do second Lair branch before Depths: true
     0 | D:1      | 0 ||| qw: Lair rune preference: random
     0 | D:1      | 0 ||| qw: Plans: Normal, Zot, God:TSO, Crypt, Tomb, Zig,
                  | Orb
     0 | D:1      | 0 ||| PLANNING D:1-11
    75 | D:1      | 75 ||| Stepping ~*~*~tactically~*~*~ (stealth).
    81 | D:1      | Reached XP level 2. HP: 19/19 MP: 2/2
   101 | D:1      | 101 ||| Stepping ~*~*~tactically~*~*~ (stealth).
   217 | D:1      | Found a faded altar of an unknown god.
   353 | D:1      | Reached skill level 3 in Axes
   371 | D:1      | Reached XP level 3. HP: 14/23 MP: 3/3
   944 | D:1      | 944 ||| UPGRADING to +0 kite shield.
   954 | D:1      | 954 ||| DROPPING +0 buckler.
   955 | D:1      | 955 ||| READING 2 scrolls labelled UTSODOXOIMM.
   956 | D:1      | 956 ||| READING scroll labelled NOG AMESUISINOXUG.
   996 | D:2      | Found a runed translucent door.
   997 | D:2      | Noticed Crazy Yiuf
  1119 | D:2      | 1119 ||| Stepping ~*~*~tactically~*~*~ (stealth).
  1153 | D:2      | 1153 ||| STAIRDANCE
  1202 | D:1      | 1202 ||| UPGRADING to ring of positive energy.
  1203 | D:1      | 1203 ||| READING 2 scrolls labelled MEQYIR YTE ZUEX.
  1204 | D:1      | 1204 ||| READING 2 scrolls of identify.
  1204 | D:1      | 1204 ||| IDENTIFYING sapphire potion
  1205 | D:1      | 1205 ||| DROPPING scroll of summoning.
  1206 | D:1      | 1206 ||| DROPPING potion of degeneration.
  1344 | D:2      | 1344 ||| Stepping ~*~*~tactically~*~*~ (hiding).
  1458 | D:2      | Reached XP level 4. HP: 20/28 MP: 4/4
  1960 | D:2      | 1960 ||| DROPPING +6 ring of intelligence.
  1961 | D:2      | 1961 ||| READING scroll labelled ZAL MEMAOSAANT.
  1962 | D:2      | 1962 ||| READING scroll labelled NEECLU GUIMARUO.
  1963 | D:2      | 1963 ||| READING 2 scrolls of identify.
  1963 | D:2      | 1963 ||| IDENTIFYING pink potion
  2101 | D:3      | 2101 ||| Stepping ~*~*~tactically~*~*~ (stealth).
  2336 | D:3      | Noticed Grinder
  2337 | D:3      | 2337 ||| Stepping ~*~*~tactically~*~*~ (hiding).
  2343 | D:3      | 2343 ||| Stepping ~*~*~tactically~*~*~ (hiding).
  2354 | D:3      | Paralysed by Grinder for 4 turns
  2367 | D:3      | Killed Grinder
  2368 | D:3      | Reached XP level 5. HP: 21/32 MP: 5/5
  2368 | D:3      | Reached XP level 6. HP: 24/37 MP: 6/6
  2735 | D:3      | Found a white marble altar of Elyvilon.
  2802 | D:3      | 2802 ||| READING 2 scrolls of identify.
  2802 | D:3      | 2802 ||| IDENTIFYING smoky cyan potion
  3039 | D:4      | 3039 ||| Stepping ~*~*~tactically~*~*~ (stealth).
  3047 | D:4      | Reached XP level 7. HP: 42/42 MP: 7/7
  3088 | D:4      | 3088 ||| Stepping ~*~*~tactically~*~*~ (stealth).
  3089 | D:4      | 3089 ||| Stepping ~*~*~tactically~*~*~ (stealth).
  3090 | D:4      | 3090 ||| Stepping ~*~*~tactically~*~*~ (stealth).
  3113 | D:4      | 3113 ||| Stepping ~*~*~tactically~*~*~ (hiding).
  3131 | D:4      | Reached skill level 1 in Throwing
  3142 | D:4      | Reached skill level 1 in Dodging
  3314 | D:4      | 3314 ||| DROPPING +0 club.
  3445 | D:4      | Found Giumeh's General Store.
  3464 | D:4      | 3464 ||| SHOPLISTING +1 ring mail of Elyvilon {Str+2} (202
                  | gold, have 110).
  3464 | D:4      | 3464 ||| SHOPLISTING amulet of reflection (300 gold, have
                  | 110).
  3464 | D:4      | 3464 ||| BUYING scroll of enchant armour (75 gold).
  3464 | D:4      | Bought a scroll of enchant armour for 75 gold pieces
  3464 | D:4      | 3464 ||| BUYING scroll of identify (20 gold).
  3464 | D:4      | Bought a scroll of identify for 20 gold pieces
  3650 | D:4      | HP: 5/43 [gnoll/+0 scythe (8)]
  3650 | D:4      | Slain by a gnoll

Levels and vault maps discovered:
D:1:      lightli_arrival_lavapool, layout_basic,
          chequers_ecumenical_altar_simple_redux
D:2:      layout_loops_ring, uniq_crazy_yiuf_cottage
D:3:      layout_loops_ring, mainiacjoe_overflow_alcove_2, minmay_door_square,
          uniq_grinder
D:4:      layout_cave_pools, serial_shops, shop, sigmund_army

Skill      XL: |  1  2  3  4  5  6  7 |
---------------+----------------------+-----
Axes           | 2 3 5 |  5.7
Shields        | 4 5 |  5.6
Throwing       | 1 |  1.0
Fighting       | 4 |  4.0
Dodging        | 1 |  1.4
Armour         | |  3.2

Action                   |  1- 3 |  4- 6 |  7- 9 || total
-------------------------+-------+-------+-------++-------
Melee: War axe           |   107 |    80 |    44 ||   231
Throw: Javelin           |       |       |     5 ||     5
  Use: Scroll            |     4 |     4 |       ||     8
Armor: Scale mail        |    63 |    59 |    26 ||   148
Dodge: Dodged            |    41 |    37 |    26 ||   104
Block: Buckler           |    25 |       |       ||    25
       Kite shield       |    11 |    49 |    30 ||    90

Table legend:
 A = Non-vault XP
 B = Vault XP
 C = Vault XP percentage of total XP
 D = Non-vault monster count
 E = Vault monster count
 F = Vault count percentage of total count
                 A         B        C        D         E       F
            +---------+---------+-------+---------+---------+-------
      Total |     676 |     308 |  31.3 |      70 |       2 |   2.8
            +---------+---------+-------+---------+---------+-------
        D:1 |      44 |       0 |   0.0 |      27 |       0 |   0.0
        D:2 |      45 |       0 |   0.0 |      16 |       0 |   0.0
        D:3 |      23 |     295 |  92.8 |       6 |       1 |  14.3
        D:4 |     564 |      13 |   2.3 |      21 |       1 |   4.5
            +---------+---------+-------+---------+---------+-------
